 Dungeon Crawl Stone Soup version 0.17-a0-1447-g3d113ad (webtiles) character file.

434 Vlagh the Digger (level 7, 23/36 HPs)
             Began as a Gargoyle Earth Elementalist on June 28, 2015.
             Quit the game on level 3 of the Dungeon on June 29, 2015.
             The game lasted 00:28:10 (4757 turns).

Vlagh the Digger (Gargoyle Earth Elementalist)      Turns: 4757, Time: 00:28:11

Health: 23/36      AC: 11    Str: 12    XL:     7   Next: 0%
Magic:  1/15       EV: 12    Int: 17    God:
Gold:   156        SH:  0    Dex: 10    Spells: 3 memorised, 11 levels left

rFire  . . .     SeeInvis .     f - +1 mace (protect)
rCold  . . .     Clarity  .     u - +0 robe
rNeg   + . .     SustAt   .     (no shield)
rPois  ∞         Gourm    .     (no helmet)
rElec  +         Spirit   .     (no cloak)
rCorr  .         Warding  .     (no gloves)
rMut   .         Stasis   .     (no boots)
MR     .....                    (no amulet)
Stlth  ++........               (no ring)
                                (no ring)

@: not resistant to hostile enchantments, unstealthy
A: negative energy resistance 1, electricity resistance, unbreathing,
petrification resistance, rot immunity, AC +4
a: no special abilities


You were on level 3 of the Dungeon.
You were not hungry.

You visited 1 branch of the dungeon, and saw 3 of its levels.

You collected 156 gold pieces.

Inventory:

Hand weapons
 e - a +0 flail
 f - a +1 mace of protection (weapon)
 h - a +1 club
Missiles
 a - 37 stones (quivered)
 q - 6 curare-tipped needles
Armour
 u - a +0 robe (worn)
Magical devices
 s - a wand of teleportation (3)
Scrolls
 g - 2 scrolls of remove curse
 p - a scroll of identify
Potions
 j - a potion of berserk rage {unknown}
 k - 2 potions of heal wounds {unknown}
 m - 2 potions of curing
 n - 2 potions of mutation
 o - 2 potions of invisibility
 r - a potion of magic {unknown}
Books
 c - a book of Geomancy

   Spells                             Type                      Level
   a - Sandblast                      Earth                        1
   b - Stoneskin                      Transmutation/Earth          2
   c - Passwall                       Transmutation/Earth          3
   d - Stone Arrow                    Conjuration/Earth            3
   e - Petrify                        Transmutation/Earth          4
   f - Lee's Rapid Deconstruction     Earth                        5
Comestibles
 b - a beef jerky
 d - 3 bread rations
 i - 4 chunks of flesh
 l - 3 meat rations


   Skills:
 - Level 1.5 Dodging
 - Level 2.1 Stealth
 * Level 5.6 Spellcasting
 - Level 0.7 Transmutations
 + Level 5.9 Earth Magic


You had 11 spell levels left.
You knew the following spells:

 Your Spells              Type           Power        Failure   Level  Hunger
a - Sandblast             Erth           ###...       1%          1    None
b - Stoneskin             Trmt/Erth      ###.....     6%          2    #......
c - Stone Arrow           Conj/Erth      ##....       14%         3    ##.....


Dungeon Overview and Level Annotations

Branches:
Dungeon (3/15)

Altars:
Cheibriados
Nemelex Xobeh
Okawaru
Yredelemnul


Innate Abilities, Weirdness & Mutations

You are resistant to torment.
Your stone body is resilient (AC +4).
You are immune to poison.
You resist negative energy.
You are resistant to electric shocks.
You can survive without breathing.
You are immune to petrification.
You are immune to rotting.


Message History

You closely miss the orc wizard.
The orc wizard is almost dead.
The orc wizard barely misses you. The orc wizard hits you with a dagger.
You hit the orc wizard.
You kill the orc wizard!
You have reached level 7!
Welcome back, Vlagh the Gargoyle Earth Elementalist.
Press ? for a list of commands and other information.
Unknown command.
Welcome back, Vlagh the Gargoyle Earth Elementalist.
Press ? for a list of commands and other information.
Saving game... please wait.
Welcome back, Vlagh the Gargoyle Earth Elementalist.
Press ? for a list of commands and other information.
Quiver which item? (- for none, * to show all) (? for menu, Esc to quit)
Okay, then.
Unknown command.
Drink which item? (? for menu, Esc to quit)
Okay, then.
Are you sure you want to abandon this character and quit the game? (Confirm with "yes".)

#.#...........#####'#'## #.#
#.#.#####.#...# #.#.# #.#
#.#.#####.#...#####.#.# #.##
#.#...................# #.#.
#.#######.....#####.### #.#.
#.#....##.........#.# #.#.
#####.#.##.##...........# #.#.
.........#.##.#...###.### #.#.
#####.#..#.##.#.@...#.# #.#.
.....<#..#.##)#[....#.# #.#.
#####.#..#.##)#.....#.# ######.#.
......#..#.##.#..>..#.# #......#.
#######..#.##.#.....#.# #.######.
.....##..#.##.#.....#.# #.# #.
####.#...#....#.....#. #)# #.
####.##########.....#.###.# #.
...................##.....######.


There were no monsters in sight!

Vanquished Creatures
  The ghost of Vlagh the Digger, an average GrEE (D:3)
  3 orc wizards (D:3)
  An orc priest (D:3)
  An iguana (D:3)
  4 gnolls (D:3)
  6 adders
  2 oozes (D:1)
  A worm (D:2)
  2 giant geckos
  10 orcs (D:3)
  6 giant cockroaches
  10 hobgoblins
  4 jackals (D:3)
  A ball python (D:2)
  9 bats
  4 giant newts
  8 goblins
  10 kobolds
  A quokka (D:2)
  13 rats
97 creatures vanquished.

Notes
Turn   | Place    | Note
--------------------------------------------------------------
     0 | D:1      | Vlagh the Gargoyle Earth Elementalist began the quest for the Orb.
     0 | D:1      | Reached XP level 1. HP: 10/10 MP: 3/3
    89 | D:1      | Reached XP level 2. HP: 15/15 MP: 1/5
   625 | D:1      | Reached skill level 4 in Earth Magic
   684 | D:1      | Reached XP level 3. HP: 10/19 MP: 1/7
   688 | D:1      | Learned a level 2 spell: Stoneskin
   692 | D:1      | Learned a level 3 spell: Stone Arrow
  2133 | D:2      | Reached XP level 4. HP: 20/24 MP: 0/9
  2281 | D:2      | Found a snail-covered altar of Cheibriados.
  2548 | D:2      | Found a basalt altar of Yredelemnul.
  3050 | D:2      | Found a sparkling altar of Nemelex Xobeh.
  3249 | D:3      | Reached XP level 5. HP: 28/28 MP: 7/10
  3518 | D:3      | Reached skill level 5 in Earth Magic
  3966 | D:3      | Noticed Vlagh's ghost (average GrEE)
  3976 | D:3      | Killed Vlagh's ghost
  3976 | D:3      | Reached skill level 5 in Spellcasting
  3976 | D:3      | Reached XP level 6. HP: 24/32 MP: 4/13
  4556 | D:3      | Found an iron altar of Okawaru.
  4755 | D:3      | Reached XP level 7. HP: 22/36 MP: 0/15
  4756 | D:3      | Upgraded the game from 0.17-a0-1443-g24042e0 to 0.17-a0-1447-g3d113ad
  4757 | D:3      | Quit the game

Vault maps used:
D:1:      evilmike_arrival_plus
D:2:      nicolae_overflow_crystal_walls, cheibriados_altar_1,
          lemuel_crystal_altar, hangedman_decor_growths,
          kennysheep_generic_room_4
D:3:      old_standard_altar, first_bread

Action                   |  1- 3 |  4- 6 |  7- 9 || total
-------------------------+-------+-------+-------++-------
Melee: Club              |    53 |    21 |       ||    74
       Mace              |       |     5 |       ||     5
 Cast: Sandblast         |    80 |    81 |       ||   161
       Stone Arrow       |     5 |    20 |       ||    25
  Use: Scroll            |     6 |     4 |       ||    10
       Potion            |     2 |     1 |       ||     3
  Eat: Chunk             |     5 |    10 |       ||    15
